 Dungeon Crawl Stone Soup version 0.31-a0-664-g902f515a81 (webtiles) character file.

Game seed: 13767876469000001913

41 Fodor the Shield-Bearer (level 3, 0/33 HPs)
             Began as a Minotaur Fighter on Sept 2, 2023.
             Slain by Sigmund
             ... wielding a +2 scythe of freezing
              (9 damage)
             ... on level 2 of the Dungeon.
             The game lasted 00:03:58 (984 turns).

Fodor the Shield-Bearer (Minotaur Fighter)           Turns: 984, Time: 00:03:58

Health: 0/33       AC: 16    Str: 22    XL:     3   Next: 32%
Magic:  2/2        EV:  6    Int:  5    God:
Gold:   48         SH:  4    Dex:  9    Spells: 2/2 levels left

rFire   . . .        a - +0 long sword
rCold   . . .        c - +0 buckler
rNeg    . . .        q - +3 plate armour
rPois   .            (helmet restricted)
rElec   .            j - +0 cloak
rCorr   .            (no gloves)
SInv    .            (no boots)
Will    .....        e - amulet of faith Stlth
                     (no ring)
HPRegen 0.25/turn    (no ring)
MPRegen 0.08/turn

%: faith
@: no status effects
A: horns 2, retaliatory headbutt
a: no special abilities


You were on level 2 of the Dungeon.
You visited 1 branch of the dungeon, and saw 2 of its levels.

You collected 48 gold pieces.

Inventory:

Hand Weapons
 a - a +0 long sword (weapon)
Armour
 c - a +0 buckler (worn)
 j - a +0 cloak (worn)
 q - a +3 plate armour (worn)
Jewellery
 e - an amulet of faith (around neck)
Scrolls
 f - a scroll of identify {unknown}
 m - a scroll of teleportation {unknown}
 p - a scroll of vulnerability {unknown}
Potions
 d - a potion of might
 g - 2 potions of cancellation {unknown}
 h - a potion of lignification {unknown}
 i - 2 potions of brilliance {unknown}
 k - a potion of mutation {unknown}
 l - a potion of enlightenment {unknown}
 n - 2 potions of haste {unknown}
 o - 2 potions of curing {unknown}


   Skills:
 + Level 3.9 Fighting
 + Level 3.3 Long Blades
 + Level 4.1 Armour
 + Level 4.1 Shields


You had 2 spell levels left.
You didn't know any spells.
Your spell library was empty.

Dungeon Overview and Level Annotations

Branches:
Dungeon (2/15)

Altars:

Annotations:
D:2 Sigmund


Innate Abilities, Weirdness & Mutations

You have a pair of horns on your head.
You reflexively headbutt those who attack you in melee.


Message History

The dart slug launches a dart at you. The slug dart hits you.
You hit the dart slug.
The dart slug is moderately wounded.
The dart slug closely misses you.
You hit the dart slug but do no damage.
The dart slug is moderately wounded.
The dart slug bites you.
You hit the dart slug. You headbutt the dart slug.
You kill the dart slug!
Sigmund the Dreaded comes into view.
He is wielding a +2 scythe of freezing.
Sigmund shouts!
Sigmund's eyes start glowing with a red light.
Sigmund hits you from afar with a +2 scythe of freezing.
Sigmund freezes you.
Sigmund casts a spell.
Sigmund flickers and vanishes!
Deactivating autopickup; reactivate with Ctrl-A.
Found a stone staircase leading down.
You hear some strange, mumbled words.
A magic dart appears from out of thin air!
The magic dart hits you. Something hits you. Something freezes you.
You barely miss something. Something hits you.
* * * LOW HITPOINT WARNING * * *
Something freezes you.
* * * LOW HITPOINT WARNING * * *
You barely miss something. You hit something.
You hear some strange, mumbled words.
A magic dart appears from out of thin air!
The magic dart hits you but does no damage.
Something hits you but does no damage.
Unknown command.
You miss something. You miss something. Your headbutt misses something.
Something hits you but does no damage.
You closely miss something. Something hits you but does no damage.
You miss something. Something hits you!
You die...

### ..#
#.# ###
#. #># .
.##..
#.# .
...) ##
#{###
......
#@..#
##.##.##
###.#
.>......
#.#
....#
#.#
....#
##.##
...##..
##...##
......#
#.#.#.#
##......
##...##
########
##.##


There were no monsters in sight!

Vanquished Creatures
  A worm (D:2)
  2 dart slugs
  3 bats
  3 endoplasms (D:1)
  A giant cockroach (D:2)
  6 goblins
  6 hobgoblins
  5 kobolds
  A ball python (D:2)
  A frilled lizard (D:2)
  A rat (D:1)
30 creatures vanquished.

Notes
Turn   | Place    | Note
-------+----------+-------------------------------------------
     0 | D:1      | Fodor the Minotaur Fighter began the quest for the Orb.
     0 | D:1      | Reached XP level 1. HP: 19/19 MP: 0/0
   124 | D:1      | Reached XP level 2. HP: 22/27 MP: 1/1
   780 | D:2      | Reached XP level 3. HP: 12/33 MP: 2/2
   973 | D:2      | Noticed Sigmund
   984 | D:2      | Slain by Sigmund

Illustrated notes

Levels and vault maps discovered:
D:1:      wander_arrival_estate, layout_basic
D:2:      layout_loops_cross, minmay_lizard_pond, uniq_crazy_yiuf_cottage,
          uniq_jessica, uniq_sigmund

Skill      XL: |  1  2 |
---------------+-------+-----
Shields        | 4 |  4.1
Armour         | 4 |  4.1
Long Blades    | 3 |  3.3
Fighting       | |  3.9

Action                     || total
---------------------------++-------
  Melee: Long sword        ||    72
         Headbutt          ||     9
 Armour: Scale mail        ||    45
         Plate armour      ||    11
  Dodge: Dodged            ||    30
  Block: Buckler           ||    21

Table legend: (Time is in decaauts)
 A = Elapsed time spent in this place.
 B = Non-inter-level travel time spent in this place.
 C = Inter-level travel time spent in this place.
 D = Time resting spent in this place.
 E = Time spent auto-exploring this place.
 F = Levels seen in this place.
 G = Mean time per level.
                   A        B        C        D        E       F      G
               +--------+--------+--------+--------+--------+-----+--------+
         Total |   1005 |   1005 |      0 |     75 |      0 |   2 |  502.5 |
       Dungeon |   1005 |   1005 |      0 |     75 |      0 |   2 |  502.5 |
               +--------+--------+--------+--------+--------+-----+--------+

Top non-repeatable levels by time:
     D:1: 773 daAuts
     D:2: 232 daAuts
